[Event "Early-Titled-Tuesday-Blitz-April-02-2024"]
[Site "Chess.com"]
[Date "2024.04.02"]
[Round "3"]
[White "Rashad_Zeynalli"]
[Black "Radzio1987"]
[Result "0-1"]
[WhiteElo "2678"]
[BlackElo "2909"]
[TimeControl "180+1"]
[EndTime "8:28:31 PDT"]
[Termination "Radzio1987 won by resignation"]

1. d4 d5 2. Bf4 e6 3. e3 Bd6 4. Bxd6 Qxd6 5. Qg4 g6 6. Nd2 Ne7 7. Qg3 Nf5 8. Qxd6 Nxd6 9. Ngf3 b6 10. c4 dxc4 11.
Nxc4 Nxc4 12. Bxc4 Bb7 13. h4 Ke7 14. h5 Nd7 15. Rc1 Rac8 16. Bb5 c6 17. Ba4 Rhd8 18. hxg6 hxg6 19. O-O c5 20. Rfd1 cxd4 21. Rxc8 Rxc8 22. Bxd7 Kxd7 23. Nxd4 Ke7 24. f3 a6 25. Kf2 e5 26.
Nb3 Ke6 27. Rd2 f5 28. Rd1 Bd5 29. Rc1 Rxc1 30. Nxc1 e4 31. b3 exf3 32. gxf3 g5 33. Nd3 a5 34. Kg3 Bc6 35. Ne1 Bb5 36. Nc2 Bd3 37. Nd4+ Kd5 38. Kf2 b5 39. Ke1 b4 40. Kd2 Ba6 41. Nc2 g4 42. e4+ Ke5 43. exf5 g3 44. Ke3 Kxf5 45. Nd4+ Kg5 46. Ne6+ Kh4 47.
Nf4 Bf1 48. Ng6+ Kg5 49. Nf4 Kf5 50. Nh5 g2 51. Kf2 Bd3 52. Kxg2 Bb1 53. Ng3+ Kf4 54. Ne2+ Ke3 55. Nc1 Kd2 56. f4 Kxc1 57. Kf3 Kb2 58. Ke3 Kxa2 59. Kd4 Kxb3 0-1

[Event "Early-Titled-Tuesday-Blitz-April-02-2024"]
[Site "Chess.com"]
[Date "2024.04.02"]
[Round "3"]
[White "jcibarra"]
[Black "SaqoChess_Twitch"]
[Result "0-1"]
[WhiteElo "2965"]
[BlackElo "2673"]
[TimeControl "180+1"]
[EndTime "8:28:31 PDT"]
[Termination "SaqoChess_Twitch won on time"]

1. e4 c5 2. Nf3 d6 3. d4 cxd4 4. Nxd4 Nf6 5. Nc3 g6 6. Be3 Bg7 7. f3 O-O 8. Qd2 Nc6 9. O-O-O d5 10. Kb1 Nxd4 11. e5 Nf5 12. exf6 Bxf6 13. Nxd5 Qxd5 14.
Qxd5 Nxe3 15. Qd2 Nxd1 16. Qxd1 Be6 17. Bb5 Rfd8 18. Qe2 a6 19. Bd3 Rd6 20. f4 Rad8 21.
g4 Bd5 22. Re1 e6 23. f5 exf5 24. gxf5 Kg7 25. fxg6 hxg6 26. Rf1 Rb6 27. b3 Re6 28. Qf2 Rde8 29. a4 b5 30. axb5 axb5 31. Bxb5 Ra8 32.
Ba4 Bc6 33. Qf4 Bb5 34. Rd1 Rb6 35. Rd6 Rxd6 36. Qxd6 Bxa4 37. bxa4 Rxa4 38. Kc1 Rc4 39. Qa6 Rc3 40. Qd6 Rc4 41. Kb1 g5 42. Qd5 Rd4 43. Qf3 Rf4 44. Qe3 Rc4 45. Qe2 Rb4+ 46. Kc1 g4 47. Qg2 Bg5+ 48. Kd1 Rd4+ 49. Ke2 Rd2+ 50.
Ke1 Rxg2 0-1

[Event "Early-Titled-Tuesday-Blitz-April-02-2024"]
[Site "Chess.com"]
[Date "2024.04.02"]
[Round "3"]
[White "Shield12"]
[Black "tomesao"]
[Result "1-0"]
[WhiteElo "3019"]
[BlackElo "2548"]
[TimeControl "180+1"]
[EndTime "8:28:31 PDT"]
[Termination "Shield12 won by resignation"]

1. b3 d5 2. Bb2 Nf6 3. g3 c6 4.
Bg2 g6 5. d3 Bg7 6. Nd2 O-O 7.
Ngf3 a5 8. a3 Nbd7 9. O-O Re8 10. c4 e5 11. cxd5 Nxd5 12. Nc4 Nc5 13. Ncxe5 a4 14. b4 Nb3 15. Rb1 Qb6 16. Nc4 Qa7 17.
Bxg7 Kxg7 18. Qc2 Bg4 19. Qb2+ Kg8 20. e4 Nb6 21. Ne3 Bxf3 22. Bxf3 Nd7 23. Nc2 Nd2 24. Be2 Nxf1 25. Rxf1 Rad8 26. Kg2 Nf8 27. Rd1 Rd6 28. e5 Rd5 29. d4 Red8 30. Bc4 Rxe5 31. Ne3 Re7 32. d5 Rxe3 33. fxe3 Qxe3 34. Qf6 Qe4+ 35.
Kh3 Qxc4 36. Qxd8 Qe2 37. Rc1 Qh5+ 38. Qh4 Qxd5 39. Rf1 Qe6+ 40. Qg4 f5 41. Qf3 Qe4 42. Qxe4 fxe4 43. Re1 Kf7 44. Rxe4 Ne6 45. Re5 b5 46. Kg4 Kf6 47. Re3 h5+ 48. Kf3 Nd4+ 49. Ke4 Ne6 50. Rc3 Ng5+ 51. Ke3 Ke5 52. Rc5+ Kf6 53. Rxc6+ 1-0

[Event "Early-Titled-Tuesday-Blitz-April-02-2024"]
[Site "Chess.com"]
[Date "2024.04.02"]
[Round "3"]
[White "dianamirza"]
[Black "FredddieCroderg"]
[Result "0-1"]
[WhiteElo "1975"]
[BlackElo "2353"]
[TimeControl "180+1"]
[EndTime "8:28:32 PDT"]
[Termination "FredddieCroderg won on time"]

1. e4 c6 2. d4 d5 3. exd5 cxd5 4. Bd3 Nc6 5. c3 Qc7 6. g3 e6 7. Bf4 Bd6 8. Bxd6 Qxd6 9. Nf3 Nf6 10. Nbd2 O-O 11.
O-O e5 12. Nxe5 Nxe5 13. dxe5 Qxe5 14. Nf3 Qc7 15. Qc2 Bg4 16. Nd4 Rfe8 17. Rfe1 h5 18. Bf5 Re5 19. Bxg4 hxg4 20. Rxe5 Qxe5 21. Qe2 Qc7 22. Re1 Re8 23. Qd2 Ne4 24. Qe2 Qd7 25.
Qb5 Qxb5 26. Nxb5 Re6 27. a3 Rb6 28. a4 a6 29. Nc7 Rxb2 30. Nxd5 Nxf2 31. Re8+ Kh7 32.
Re7 Nh3+ 33. Kf1 Kg6 34. Nf4+ Nxf4 35. gxf4 b5 36. axb5 axb5 37. Rb7 Rxh2 38. Rxb5 f6 39. c4 Rc2 40. c5 Kf5 41. c6+ Kxf4 42. Rb7 f5 43.
Rxg7 Rxc6 44. Ra7 Rc2 45. Ra4+ Kg5 46. Ra5 g3 47. Kg1 Kg4 48. Ra4+ f4 49. Ra8 f3 50.
Ra4+ Kh3 0-1

[Event "Early-Titled-Tuesday-Blitz-April-02-2024"]
[Site "Chess.com"]
[Date "2024.04.02"]
[Round "3"]
[White "Robert_Chessmood"]
[Black "Harry_Rakkel"]
[Result "1-0"]
[WhiteElo "2975"]
[BlackElo "2724"]
[TimeControl "180+1"]
[EndTime "8:28:33 PDT"]
[Termination "Robert_Chessmood won on time"]

1. e4 c6 2. Nf3 d5 3. d3 dxe4 4. dxe4 Qxd1+ 5. Kxd1 Nf6 6. Nbd2 g6 7. Ne5 Bg7 8. Nd3 O-O 9. a4 Nbd7 10. a5 Ng4 11. h3 Nge5 12. Nxe5 Nxe5 13. f4 Nd7 14. Bc4 Nc5 15.
Ke2 Be6 16. Bxe6 Nxe6 17. Nb3 Rfd8 18. Be3 Bxb2 19. Rab1 Bc3 20. f5 Nc7 21. Nc5 Nb5 22.
Nxb7 Rdc8 23. Nc5 Rd8 24. g4 Be5 25. Rb3 Bc7 26. a6 Bb6 27. Rd3 Rxd3 28. cxd3 Rd8 29. Rc1 Nd4+ 30. Kf2 e5 31. Na4 Ba5 32. Nb2 Kg7 33.
Nc4 Bc7 34. Bxd4 Rxd4 35. Ke2 Kf6 36. Rb1 Rd8 37. Rb7 Bb8 38. h4 gxf5 39. gxf5 h5 40. Na5 Rc8 41. Kf3 Kg7 42. Ke2 Kf6 43. Kd2 Kg7 44.
Kc3 Kf6 45. Kc4 Bc7 46. Nxc6 Bb6 47. Kd5 Bf2 48. Rd7 Bxh4 49. Nxe5 1-0

[Event "Early-Titled-Tuesday-Blitz-April-02-2024"]
[Site "Chess.com"]
[Date "2024.04.02"]
[Round "3"]
[White "chito89"]
[Black "PolandHussars"]
[Result "0-1"]
[WhiteElo "2805"]
[BlackElo "2583"]
[TimeControl "180+1"]
[EndTime "8:28:33 PDT"]
[Termination "PolandHussars won on time"]

1. c4 e5 2. Nc3 d6 3. g3 Be6 4.
Bg2 c6 5. b3 Be7 6. d4 exd4 7.
Qxd4 Bf6 8. Qd2 Ne7 9. Bb2 d5 10. cxd5 Nxd5 11. Nxd5 cxd5 12. Nf3 Bxb2 13. Qxb2 Qa5+ 14.
Qd2 Nc6 15. Qxa5 Nxa5 16. Nd4 Rc8 17. Kd2 Ke7 18. Rhc1 Nc6 19. Nxe6 fxe6 20. e4 Kd6 21. exd5 exd5 22. Rc3 Ne5 23. Rac1 Rc6 24. f4 Ng4 25.
Rd3 Nf6 26. b4 Rxc1 27. Kxc1 Rc8+ 28. Kd2 Rc4 29. a3 h5 30. Re3 Rd4+ 31. Kc3 Rc4+ 32. Kd2 Rd4+ 33. Rd3 Rc4 34. Bf3 b6 35. Re3 Rd4+ 36.
Kc3 Rc4+ 37. Kd2 Rd4+ 38. Kc3 Rc4+ 39. Kb3 Rd4 40. Kc2 Rc4+ 41. Rc3 Rd4 42. Rc8 Rc4+ 43. Rxc4 dxc4 44. Kc3 b5 45. Kd4 Ng4 46. h3 Nf6 47.
Bb7 h4 48. g4 Nd7 49. Be4 Nb6 50. Bg6 Na4 51. g5 Nb6 52. Bf5 Nd5 53. Be4 Nxf4 0-1

[Event "Early-Titled-Tuesday-Blitz-April-02-2024"]
[Site "Chess.com"]
[Date "2024.04.02"]
[Round "3"]
[White "AsaHoffmann"]
[Black "campochess"]
[Result "1-0"]
[WhiteElo "2400"]
[BlackElo "2181"]
[TimeControl "180+1"]
[EndTime "8:28:33 PDT"]
[Termination "AsaHoffmann won on time"]

1. d4 Nf6 2. Bg5 e6 3. Nd2 c5 4. e3 cxd4 5. exd4 Nc6 6. c3 Be7 7. Bd3 d5 8. f4 h6 9. Bh4 Qc7 10. Qf3 Bd7 11. Ne2 a6 12. Bg3 Bd6 13. O-O Ne7 14.
Rac1 b5 15. b3 Qb6 16. c4 Ba3 17. Rc2 Bc6 18. c5 Qb7 19. f5 O-O 20. Be5 Ne4 21. f6 gxf6 22. Bxf6 Ng6 23. Ng3 Bb4 24. Ndxe4 dxe4 25. Bxe4 Bxe4 26. Qxe4 Qxe4 27. Nxe4 Rfd8 28. c6 Rd5 29. c7 Rc8 30. Rfc1 Ba5 31. Rc6 Nf4 32. R1c2 Rf5 33. Be5 Nd5 34. Ng3 Rxe5 35. dxe5 Nb4 36. Ne4 Nxc6 37. Rxc6 Rxc7 38. Rxa6 Be1 39. Kf1 Bh4 40. g3 Be7 41. Rb6 b4 42. Nd6 Kg7 43.
Nc4 Rc5 44. Ra6 Rd5 45. Ke2 Bg5 46. Ra4 Be7 47. h4 Rd4 48. Ke3 Rg4 49. Kf3 h5 50.
Ra7 Bc5 51. Rc7 Bd4 52. Nd6 Bxe5 53. Rxf7+ Kg6 54. Rd7 Rd4 55. Rd8 Rxd6 56. Rxd6 1-0

[Event "Early-Titled-Tuesday-Blitz-April-02-2024"]
[Site "Chess.com"]
[Date "2024.04.02"]
[Round "3"]
[White "sorch29"]
[Black "KarolKacprzak"]
[Result "0-1"]
[WhiteElo "2433"]
[BlackElo "2740"]
[TimeControl "180+1"]
[EndTime "8:28:34 PDT"]
[Termination "KarolKacprzak won on time"]

1. d4 Nf6 2. c4 e6 3. Nf3 d5 4. g3 Be7 5. Bg2 O-O 6. O-O c6 7. Nbd2 b6 8. Qc2 Bb7 9. e4 Na6 10. e5 Nd7 11. cxd5 cxd5 12. a3 Rc8 13. Qd1 Nab8 14.
Re1 Qc7 15. Bf1 Qc2 16. Qxc2 Rxc2 17. Bd3 Rc7 18. Nf1 Rfc8 19. Bd2 Nc6 20. Rac1 Ndb8 21. Rc3 h6 22. Rec1 Bd8 23. h4 Ba6 24. Bxa6 Nxa6 25. Be3 Nab8 26. N1d2 Nd7 27. h5 f6 28.
exf6 gxf6 29. Bxh6 e5 30. Be3 Nf8 31. b4 b5 32. Nb3 Ne6 33. Kg2 e4 34. Nh4 Ne7 35.
Rxc7 Rxc7 36. Rxc7 Bxc7 37. Nc5 Ng7 38. h6 Ngf5 39.
Nxf5 Nxf5 40. Ne6 Bd6 41. Nd8 Kh7 42. Nf7 Be7 43. g4 Nxe3+ 44. fxe3 Kg6 45. h7 Kxh7 46. g5 fxg5 47. Ne5 Bd6 48. Nc6 a6 0-1

[Event "Early-Titled-Tuesday-Blitz-April-02-2024"]
[Site "Chess.com"]
[Date "2024.04.02"]
[Round "3"]
[White "Firegrizzly"]
[Black "Tejas_Rama"]
[Result "0-1"]
[WhiteElo "2652"]
[BlackElo "2513"]
[TimeControl "180+1"]
[EndTime "8:28:34 PDT"]
[Termination "Tejas_Rama won by resignation"]

1. d4 Nf6 2. Nf3 d5 3. Bf4 c5 4. e3 Nc6 5. c3 Qb6 6. Qb3 c4 7. Qc2 Bf5 8. Qc1 e6 9. Nbd2 Qa5 10. b4 Nxb4 11. cxb4 Bxb4 12. a3 Bc3 13. Ra2 b5 14. Be2 b4 15. axb4 Qxa2 16. Qxc3 Ne4 17. Nxe4 Qb1+ 18. Bd1 Bxe4 19. Nd2 Qd3 20. Nxe4 dxe4 21.
Qxd3 cxd3 22. Ba4+ Ke7 23. Kd2 Rhc8 24. f3 exf3 25.
gxf3 Rc4 26. Kxd3 Rxb4 27. Bc2 a5 28. e4 a4 29. Bd2 Rb7 30. Ra1 a3 31. Ra2 Rb2 32.
Rxb2 axb2 33. Bc3 Ra1 34. Bxb2 Rh1 35. Ba3+ Kf6 36. Bd6 g5 37. Ke3 h5 38. d5 e5 39.
Bc7 Rxh2 40. Bb3 Rb2 41. Bc4 Rc2 42. Kd3 Rc1 43. Bd8+ Kg6 44. d6 Rd1+ 45. Ke3 Rxd6 46. Be7 Rd7 47. Ba3 f6 48. Be6 Ra7 49. Bf5+ Kf7 50. Bc5 Ra5 51. Bb4 Rb5 52. Bd6 Rb3+ 53. Kf2 Rb2+ 54. Kg3 Kg7 55. Bc5 Rb3 56. Kg2 Rb2+ 57.
Bf2 Rb3 58. Be6 Rc3 59. Bd5 Rc2 60. Kg1 g4 61. fxg4 hxg4 62. Be3 Kg6 63. Be6 Re2 64. Bf5+ Kh5 65. Bf2 Ra2 66. Bg3 Ra1+ 67. Kg2 Ra2+ 68.
Bf2 Kg5 69. Kg3 Ra3+ 70. Kg2 Kf4 71. Be1 Ke3 72. Kg3 Ke2+ 73. Kxg4 Kxe1 74. Kh5 Ra6 75. Kg6 Kd2 76. Kf7 Ke3 77. Ke7 Kf4 78. Bg6 Ra4 79. Kxf6 Rxe4 80. Ke6 Ra4 81. Kd5 e4 82. Be8 Ra5+ 83.
Kd4 Ra8 84. Bh5 Rd8+ 85. Kc3 e3 86. Be2 Kg3 87. Bb5 Kf2 88. Kc2 e2 89. Bxe2 Kxe2 90. Kc3 Ke3 0-1

[Event "Early-Titled-Tuesday-Blitz-April-02-2024"]
[Site "Chess.com"]
[Date "2024.04.02"]
[Round "3"]
[White "VeraVujovic"]
[Black "Rawnsdale"]
[Result "1/2-1/2"]
[WhiteElo "2225"]
[BlackElo "2559"]
[TimeControl "180+1"]
[EndTime "8:28:34 PDT"]
[Termination "Game drawn - insufficient material"]

1. e4 c6 2. c4 d5 3. cxd5 cxd5 4. exd5 Nf6 5. Nc3 g6 6. Bb5+ Bd7 7. Qa4 Bg7 8. Nf3 O-O 9. O-O a6 10. Bxd7 Nbxd7 11. Qb3 Nc5 12. Qc4 Rc8 13. b4 Nce4 14. Qd3 Nxc3 15.
dxc3 Qxd5 16. Rd1 Qxd3 17. Rxd3 Ne4 18. Bb2 Nxc3 19. Bxc3 Bxc3 20. Rb1 Rfd8 21. Re3 Bf6 22. g4 h6 23. h4 e6 24. b5 a5 25. Re4 Rc2 26. a4 Rd3 27. Rf4 Bg7 28. Ne1 e5 29.
Nxd3 exf4 30. Nxf4 Bd4 31. Nd3 Rd2 32. Rb3 Ra2 33. b6 Rxa4 34. Rb5 Ra3 35. Nf4 Ra2 36. Nd3 Rd2 37. Ne5 Bxe5 38. Rxe5 a4 39. Ra5 Rd4 40. Ra7 Rb4 41. Rxb7 a3 42. Rb8+ Kg7 43. Ra8 Rxb6 44. Rxa3 Rb4 45. f3 Rb2 46. Re3 Kf6 47. Rd3 h5 48.
Rd6+ Ke5 49. Rd7 f6 50. Rg7 hxg4 51. fxg4 Kf4 52. Rxg6 Kg3 53. Kf1 Kxh4 54. Rxf6 Kxg4 55. Rf2 Rxf2+ 56. Kxf2 1/2-1/2

[Event "Early-Titled-Tuesday-Blitz-April-02-2024"]
[Site "Chess.com"]
[Date "2024.04.02"]
[Round "3"]
[White "Dewarfd"]
[Black "visa"]
[Result "0-1"]
[WhiteElo "2120"]
[BlackElo "2378"]
[TimeControl "180+1"]
[EndTime "8:28:34 PDT"]
[Termination "visa won by checkmate"]

1. c4 b6 2. e4 e5 3. Nc3 Bb7 4. g3 Nc6 5. Bg2 Bc5 6. Nge2 Nge7 7. O-O O-O 8. a3 a5 9. Nd5 f5 10. d3 fxe4 11. Bxe4 Kh8 12. Rb1 a4 13. Nxe7 Qxe7 14. Nc3 Rxf2 15. Rxf2 Rf8 16. Nxa4 Bd4 17. b4 Rxf2 18.
Kh1 Qf7 19. Bb2 Bxb2 20. Nxb2 Nd8 21. Bxb7 Nxb7 22. Na4 Nd6 23. Nc3 Qf5 24. Kg1 h5 25.
c5 Nf7 26. Ne4 Rf3 27. Kg2 Re3 28. Rb2 Ng5 29. Rf2 Qh3+ 30. Kg1 Nxe4 31. dxe4 Rxe4 32. Qf3 Re1+ 33. Rf1 Rxf1+ 34. Qxf1 Qxf1+ 35. Kxf1 b5 36. Ke2 Kg8 37. Kd3 Kf7 38. Kc3 Ke6 39. Kb3 c6 40. a4 bxa4+ 41. Kxa4 Kd5 42. Ka5 e4 43. Kb6 e3 44. Kc7 Ke6 45. Kd8 e2 46. b5 e1=Q 47.
b6 Qb4 48. Kc7 Qxc5 49. b7 Qb5 50. b8=Q Qxb8+ 51. Kxb8 c5 52. Kc7 c4 53. Kd8 c3 54.
Ke8 c2 55. Kf8 c1=Q 56. Kxg7 Qd2 57. Kh7 Qxh2 58. g4 hxg4+ 59. Kg6 g3 60. Kg5 g2 61. Kg6 g1=Q# 0-1

[Event "Early-Titled-Tuesday-Blitz-April-02-2024"]
[Site "Chess.com"]
[Date "2024.04.02"]
[Round "3"]
[White "Casper"]
[Black "Witik"]
[Result "0-1"]
[WhiteElo "2503"]
[BlackElo "2776"]
[TimeControl "180+1"]
[EndTime "8:28:35 PDT"]
[Termination "Witik won on time"]

1. e4 e5 2. Nf3 Nc6 3. g3 Nf6 4. d3 d5 5. exd5 Nxd5 6. Bg2 Be7 7. O-O O-O 8. Re1 f6 9. a3 Bg4 10. b4 Kh8 11. h3 Bh5 12. Bb2 a5 13. b5 Nd4 14. Bxd4 exd4 15. g4 Bf7 16. Nxd4 Nf4 17. Nf5 Bc5 18. d4 Bb6 19. c3 a4 20. Bxb7 Nxh3+ 21. Kh2 Nf4 22. Qf3 Bd5 23. Bxd5 Nxd5 24. c4 Ba5 25. Re6 Nb6 26. Re7 g6 27. Qh3 h5 28.
Qe3 g5 29. Qh3 h4 30. Nxh4 Qxe7 31. Ng6+ Kg7 32. Nxe7 Rh8 33. Nf5+ Kg6 34. Ne3 Rxh3+ 35. Kxh3 Rd8 36. d5 Nd7 37. Ra2 Bb6 38. Nf5 Ne5 39.
Rc2 Bc5 40. Nc3 Rh8+ 41. Kg2 Nxg4 42. Nxa4 Bxf2 43. c5 Rh2+ 44. Kf3 Kxf5 45. b6 Ne5+ 46. Ke2 Bxc5+ 47. Kd1 Rxc2 48. Kxc2 Bxb6 49. d6 Ke6 50. dxc7 Bxc7 51. Nc5+ Kd5 0-1

[Event "Early-Titled-Tuesday-Blitz-April-02-2024"]
[Site "Chess.com"]
[Date "2024.04.02"]
[Round "3"]
[White "Alexchess1984"]
[Black "LeoLV10"]
[Result "1-0"]
[WhiteElo "2768"]
[BlackElo "2520"]
[TimeControl "180+1"]
[EndTime "8:28:35 PDT"]
[Termination "Alexchess1984 won by checkmate"]

1. e4 c6 2. d4 d5 3. exd5 cxd5 4. c4 Nf6 5. Nc3 Nc6 6. Nf3 Be6 7. cxd5 Nxd5 8.
Bd3 g6 9. O-O Bg7 10. Ng5 Nxd4 11. Nxe6 Nxe6 12. Bb5+ Kf8 13. Qxd5 Qb6 14. Na4 Qc7 15.
Be3 Rd8 16. Qb3 Be5 17. h3 Kg7 18. Rac1 Qb8 19. Bc4 Nc7 20. Bxf7 e6 21. Bxe6 Rhe8 22. Bg4 Nd5 23. Bg5 Rd6 24. Rfd1 h6 25. Rxd5 hxg5 26.
Rxd6 Bxd6 27. Rf1 b6 28. Qc3+ Be5 29. Qc6 Re7 30. Nc3 Qf8 31. Nd5 Rf7 32. Ne3 Bd4 33.
Qe4 Bc5 34. b4 Bxb4 35. Qe5+ Kh6 36. Be6 Bd6 37. Ng4+ Kh5 38. Qe2 Re7 39. Nf6+ Kh6 40. Nd5 Re8 41. h4 gxh4 42. Qe3+ g5 43. Kh1 Bc5 44.
Qe5 Bd6 45. Qe4 Qg7 46. f4 gxf4 47. Nxf4 Qg5 48. Nh3 Qg3 49. Rf6+ Kg7 50. Rf7+ Kh6 51. Qh7# 1-0

[Event "Early-Titled-Tuesday-Blitz-April-02-2024"]
[Site "Chess.com"]
[Date "2024.04.02"]
[Round "3"]
[White "Aisen1011"]
[Black "NelsonLinda"]
[Result "1/2-1/2"]
[WhiteElo "2471"]
[BlackElo "2638"]
[TimeControl "180+1"]
[EndTime "8:28:35 PDT"]
[Termination "Game drawn by repetition"]

1. d4 Nf6 2. c4 g6 3. Nc3 Bg7 4.
e4 d6 5. Nf3 O-O 6. h3 Na6 7.
Be2 c6 8. Be3 Nc7 9. Qc2 Rb8 10.
a4 d5 11. cxd5 cxd5 12. e5 Bf5 13. Bd3 Bxd3 14. Qxd3 Nd7 15. O-O Rc8 16. Rfc1 Nb8 17. b4 Nc6 18. b5 Na5 19. Nd2 Na8 20. Ne2 Nb6 21. Rxc8 Qxc8 22. Rc1 Nbc4 23. Nb3 Nxb3 24. Qxb3 e6 25. Rc3 Qd7 26. Qc2 Rc8 27. Nc1 Bf8 28.
Nd3 Qd8 29. Qb3 Na5 30. Qc2 Rc4 31. Nb2 Rxc3 32. Qxc3 Nc4 33. Nxc4 Qc8 34. Bd2 Qxc4 35. Qxc4 dxc4 36. Kf1 Ba3 37. Bc3 Kf8 38. Ke2 Ke7 39.
Kd2 Kd7 40. Kc2 Kc7 41. Bb2 Bb4 42. Bc3 Ba3 43. Bb2 Bb4 44. Bc3 Be7 45. Bb2 Bb4 1/2-1/2

[Event "Early-Titled-Tuesday-Blitz-April-02-2024"]
[Site "Chess.com"]
[Date "2024.04.02"]
[Round "3"]
[White "RantomOpening"]
[Black "Pragmatist237"]
[Result "1-0"]
[WhiteElo "2571"]
[BlackElo "2233"]
[TimeControl "180+1"]
[EndTime "8:28:35 PDT"]
[Termination "RantomOpening won by checkmate"]

1. c4 e5 2. Nc3 Nf6 3. Nf3 Nc6 4.
e3 Bb4 5. Qc2 O-O 6. Nd5 d6 7.
a3 Bc5 8. Bd3 h6 9. b4 Bb6 10.
Nxf6+ Qxf6 11. Bb2 Bg4 12. Be4 a5 13. c5 Ba7 14. b5 Nd8 15. b6 cxb6 16. cxd6 Bxf3 17. gxf3 Bb8 18. d7 Nc6 19. Rg1 Rd8 20. Rc1 Rxd7 21. Bxc6 Rc7 22. Qd3 Rxc6 23. Rxc6 bxc6 24. Qd7 Bd6 25. Qxc6 Rd8 26. f4 Kh8 27. fxe5 Bxe5 28. Qxf6 Bxf6 29. Bxf6 gxf6 30. Ke2 Rc8 31. Rb1 Rc6 32.
a4 Kg7 33. Rb5 Kf8 34. d4 Ke7 35. f4 Kd6 36. e4 Rc2+ 37. Kd3 Rc6 38. d5 Rc1 39.
Rxb6+ Ke7 40. e5 Rd1+ 41. Ke4 f5+ 42. Kxf5 Rxd5 43. Rxh6 Rd4 44. Ra6 Rxa4 45. Ra7+ Ke8 46. h4 Ra1 47. h5 Kf8 48. Kf6 Kg8 49. f5 Rh1 50. Ra8+ Kh7 51. Kxf7 Rxh5 52. Ke6 Kh6 53.
Rh8+ Kg5 54. Rxh5+ Kxh5 55. f6 Kg6 56. f7 a4 57.
f8=Q a3 58. Qg8+ Kh6 59. Kf5 Kh5 60. Qg5# 1-0

[Event "Early-Titled-Tuesday-Blitz-April-02-2024"]
[Site "Chess.com"]
[Date "2024.04.02"]
[Round "3"]
[White "TERMINATOR_PC"]
[Black "BardArtem"]
[Result "0-1"]
[WhiteElo "2607"]
[BlackElo "2849"]
[TimeControl "180+1"]
[EndTime "8:28:37 PDT"]
[Termination "BardArtem won by resignation"]

1. e4 d5 2. exd5 Qxd5 3. Nc3 Qe5+ 4. Be2 Bg4 5. d4 Bxe2 6. Ngxe2 Qa5 7. O-O Nf6 8. b4 Qxb4 9. Rb1 Qc4 10. Rxb7 e6 11. Qd3 Qxd3 12. cxd3 Kd7 13. Bf4 Na6 14. Rc1 Ba3 15.
Rcb1 Rhb8 16. Rxb8 Rxb8 17. Rxb8 Nxb8 18. Bxc7 Kxc7 19. Nb5+ Kc6 20. Nxa3 Kd5 21. f3 Ne8 22. Kf2 Nd6 23. g4 Nc6 24. Nc2 Nb5 25. Ke3 g5 26. a4 Nc7 27. Nc3+ Kd6 28. Ne4+ Ke7 29. Nxg5 Nd5+ 30. Kd2 h6 31. Ne4 a5 32. Nc3 Nb6 33.
Ke3 Kf6 34. h4 Kg6 35. f4 h5 36. gxh5+ Kxh5 37. d5 exd5 38. Nd4 Ne7 39. Nb3 Nc6 40. Nd4 Ne7 41. f5 Kxh4 42. Kf4 f6 43. Ndb5 Kh3 44.
d4 Kg2 45. Nc7 Kf2 46. Ne8 Ng8 47. Nc7 Ne7 48. Ne8 Ke1 49. Nxf6 Kd2 50. Nb5 Kd3 51. Nd7 Nxd7 52. f6 Nxf6 53. Kg5 Ne4+ 0-1

[Event "Early-Titled-Tuesday-Blitz-April-02-2024"]
[Site "Chess.com"]
[Date "2024.04.02"]
[Round "3"]
[White "SultaiC"]
[Black "jumpingknight20"]
[Result "0-1"]
[WhiteElo "2500"]
[BlackElo "2679"]
[TimeControl "180+1"]
[EndTime "8:28:38 PDT"]
[Termination "jumpingknight20 won by checkmate"]

1. e4 g6 2. d4 Bg7 3. c3 d6 4. Nf3 Nf6 5. Bd3 O-O 6. O-O Nbd7 7.
h3 e5 8. Be3 c6 9. Qd2 Qc7 10.
Bh6 Re8 11. Na3 exd4 12. cxd4 Nxe4 13. Bxe4 Rxe4 14. Rfe1 Nf6 15. Rxe4 Nxe4 16. Re1 d5 17.
Qg5 Bxh3 18. Qh4 Bf5 19. Bf4 Qd8 20. Qh2 h5 21. Nc2 Nxf2 22. Kxf2 Bxc2 23. g4 h4 24. Bg5 f6 25. Bxh4 g5 26. Bg3 Bg6 27. Re3 Qd7 28. Qh3 Re8 29. Rxe8+ Qxe8 30. Qf1 Qe4 31.
Qe1 Qxg4 32. Qe7 Be4 33. Nh2 Qf5+ 34. Ke1 Bd3 35. Qe8+ Bf8 36. Kd2 Qe4 37. Qxe4 Bxe4 38. a3 f5 39. Be5 Kf7 40. Ke3 f4+ 41. Kf2 Kg6 42. Ng4 Kf5 43. Nf6 g4 44. Nh5 g3+ 45. Kg1 Bh6 46. Nf6 Bf3 47. Ng8 Bg5 48. b4 Kg4 49.
Bf6 Be4 50. Be5 f3 51. Bd6 f2+ 52. Kf1 Bd3+ 53. Kg2 f1=Q# 0-1

[Event "Early-Titled-Tuesday-Blitz-April-02-2024"]
[Site "Chess.com"]
[Date "2024.04.02"]
[Round "3"]
[White "DenLaz"]
[Black "Mops_2004"]
[Result "1-0"]
[WhiteElo "3115"]
[BlackElo "2771"]
[TimeControl "180+1"]
[EndTime "8:28:41 PDT"]
[Termination "DenLaz won by resignation"]

1. d4 g6 2. c4 Bg7 3. Nf3 d6 4. g3 Nf6 5. Bg2 O-O 6. Nc3 Nc6 7. O-O e5 8. dxe5 dxe5 9. Bg5 h6 10. Qxd8 Rxd8 11. Bxf6 Bxf6 12. Nd5 Kg7 13. Nxc7 Rb8 14. e4 Be7 15. Nd5 Bc5 16. Rfd1 a5 17. h3 g5 18. Ne1 f5 19. exf5 Bxf5 20. Ne3 Be6 21. N1c2 Nd4 22. Na3 b6 23. Re1 Rf8 24. Rad1 Bb4 25. Rf1 Rbd8 26. Nb1 Ne2+ 27. Kh2 Rxd1 28. Rxd1 Rxf2 29. Rf1 Rxf1 30. Bxf1 Nd4 31. Kg2 h5 32. a3 Be1 33. Bd3 g4 34.
hxg4 hxg4 35. Nc3 Bxc3 36. bxc3 Nb3 37. Be2 Nd2 38. c5 bxc5 39. Bxg4 Bf7 40. Bf5 Kf6 41.
Kf2 Nc4 42. Nxc4 Bxc4 43. Be4 Kg5 44. Kf3 Bb3 45. Bc6 Kf5 46. Bd7+ Kf6 47. Ke4 Ke7 48. Bb5 Kf6 49. Bd3 Be6 50. Be2 Bf7 51. g4 Ke6 52. Bc4+ 1-0

[Event "Early-Titled-Tuesday-Blitz-April-02-2024"]
[Site "Chess.com"]
[Date "2024.04.02"]
[Round "3"]
[White "LeoWin2012"]
[Black "KubaGepard"]
[Result "1-0"]
[WhiteElo "2321"]
[BlackElo "2568"]
[TimeControl "180+1"]
[EndTime "8:28:41 PDT"]
[Termination "LeoWin2012 won by resignation"]

1. c4 Nf6 2. Nc3 e5 3. g3 Bb4 4. Bg2 Bxc3 5. dxc3 O-O 6. Nf3 d6 7. O-O a5 8. Bg5 h6 9. Bxf6 Qxf6 10. Nd2 a4 11. Ne4 Qe7 12. f4 exf4 13. Rxf4 Nc6 14. Kh1 Bd7 15. Qd2 Ra5 16. Raf1 Re5 17. b4 axb3 18. axb3 b6 19. g4 f6 20. Ng3 Re8 21.
Bd5+ Kh8 22. Nh5 Nd8 23. Rxf6 Rxh5 24. gxh5 gxf6 25. Qxh6+ Qh7 26. Qxf6+ Qg7 27. Qh4 Bc6 28.
Rg1 Qe5 29. Rg5 Qxc3 30. Qf4 Bxd5+ 31. cxd5 Qa1+ 32. Rg1 Qxg1+ 33. Kxg1 Kg7 34. Qg5+ Kf8 35. h6 Nf7 36. Qg7+ Ke7 37. h7 Rh8 38. Kf2 Ke8 39. h4 Rf8 40. Ke1 Ke7 41. h5 Ke8 42. e4 Ke7 43.
Ke2 Ke8 44. Ke3 Ke7 45. h6 Ke8 46. Qg8 Ke7 47. Kf4 Nh8+ 48. Kg5 Nf7+ 49. Kh5 Nh8 50. Qg7+ Nf7 51. Kg4 Ke8 52. Kg3 Ke7 53. Kh4 Ke8 54. Kh5 Rh8 55. Kg6 Ne5+ 56. Kf5 Nf7 57. Ke6 Rf8 58. Qxf7+ Rxf7 59. h8=Q+ Rf8 60. Qg7 1-0

[Event "Early-Titled-Tuesday-Blitz-April-02-2024"]
[Site "Chess.com"]
[Date "2024.04.02"]
[Round "3"]
[White "Macron20hTF1"]
[Black "ilqar_74"]
[Result "1/2-1/2"]
[WhiteElo "2571"]
[BlackElo "2804"]
[TimeControl "180+1"]
[EndTime "8:28:42 PDT"]
[Termination "Game drawn - insufficient material"]

1. Nf3 Nf6 2. c4 e6 3. Nc3 d5 4.
e3 Be7 5. b3 O-O 6. Bb2 dxc4 7.
Bxc4 c5 8. O-O Nc6 9. d3 a6 10.
a4 Na5 11. e4 Nxc4 12. dxc4 b6 13. e5 Ne8 14. Ne4 Bb7 15. Qe2 Qc7 16. h4 Qc6 17.
Rfe1 Rd8 18. h5 Qxe4 19. Qxe4 Bxe4 20. Rxe4 Nc7 21. h6 g6 22. a5 b5 23. cxb5 Nxb5 24. Rc1 Rd3 25. Re3 Rfd8 26. Rce1 Rxe3 27. Rxe3 Bf8 28. Re4 Bxh6 29. b4 cxb4 30. Rxb4 Bf8 31.
Rc4 Ra8 32. Rc6 Bb4 33. Ng5 Bxa5 34. Ne4 Bb4 35. Rb6 Bf8 36. Nd6 Nxd6 37. exd6 Rd8 38.
Ba3 a5 39. Ra6 f6 40. f4 Kf7 41. Ra7+ Kg8 42. Ra6 Rd7 43. Kf2 Kf7 44. Kf3 e5 45.
fxe5 fxe5 46. Ke4 Kf6 47. Rxa5 Bxd6 48. Ra6 Ke7 49. Rxd6 Rxd6 50. Kxe5 Kf7 51. Bxd6 g5 52. Kf5 h6 53. g4 Kg7 54. Be5+ Kh7 55. Kf6 h5 56.
gxh5 Kh6 57. Kf5 Kxh5 58. Bd6 g4 59. Bc7 g3 60. Bxg3 1/2-1/2